[Event "FIDE Women World Blitz 2021"]
[Site "Warsaw"]
[Date "2021.12.29"]
[Round "7.29"]
[White "Dworakowska, Joanna"]
[Black "Kucharska, Honorata"]
[Result "1-0"]
[ECO "B25"]
[WhiteElo "2228"]
[BlackElo "2168"]
[Annotator "NA"]
[PlyCount "115"]
[EventDate "2021.12.29"]
[EventType "swiss"]
[EventCountry "POL"]
[Tiebreak "Cut1 Buchholz"]
[SourceTitle "playchess.com"]
[Source "ChessBase"]
[SourceQuality "1"]
[TimeControl "180+2"]

1. e4 c5 2. Nf3 Nc6 3. g3 d6 4. Bg2 Nf6 5. Nc3 g6 6. O-O Bg7 7. d3 O-O 8. h3 Rb8 9. Be3 e5 10. Qd2 Nd4 11. Ne1 b5 12. Bg5 Ne6 13.
Bh6 b4 14. Nd1 d5 15. exd5 Nxd5 16. a3 a5 17. axb4 cxb4 18. Bxg7 Kxg7 19. Ne3 Nxe3 20. Qxe3 f6 21. Qa7+ Qc7 22. Qxc7+ Nxc7 23. Rxa5 Rf7 24. f4 exf4 25. Rxf4 Ne6 26. Rc4 Re7 27. Kf2 f5 28. Ra4 Kf6 29. Raxb4 Rxb4 30. Rxb4 Rc7 31. c3 h5 32. Rb6 Bd7 33. Bd5 Ke7 34. Bxe6 Bxe6 35. Nf3 Ra7 36. Nd4 Bd7 37. Rxg6 Ra2 38. Rb6 Ra1 39. c4 Rd1 40. Ke3 Rg1 41. Kf4 Rd1 42. Nxf5+ Bxf5 43. Kxf5 Rxd3 44. g4 h4 45. c5 Rxh3 46. Rb7+ Kd8 47. Kg5 Rh2 48. b4 h3 49. b5 Rc2 50. c6 h2 51. Rh7 Rc5+ 52. Kf6 Rc2 53. Ke6 Re2+ 54. Kd6 Rd2+ 55. Kc5 Rc2+ 56. Kb6 Rb2 57. c7+ Kc8 58. Rh8+ 1-0

[Event "FIDE Women World Blitz 2021"]
[Site "Warsaw"]
[Date "2021.12.29"]
[Round "7.30"]
[White "Yakimova, Mariya"]
[Black "Lach, Aleksandra"]
[Result "0-1"]
[ECO "A87"]
[WhiteElo "2219"]
[BlackElo "2204"]
[Annotator "NA"]
[PlyCount "60"]
[EventDate "2021.12.29"]
[EventType "swiss"]
[EventCountry "POL"]
[Tiebreak "Cut1 Buchholz"]
[SourceTitle "playchess.com"]
[Source "ChessBase"]
[SourceQuality "1"]
[TimeControl "180+2"]

1. d4 f5 2. c4 Nf6 3. Nc3 d6 4. Nf3 g6 5. g3 Bg7 6. Bg2 O-O 7. O-O e6 8. Qc2 Nc6 9. e4 e5 10. dxe5 dxe5 11. Bg5 h6 12. Rad1 Qe8 13. Bxf6 Rxf6 14. Nd5 Rf7 15. exf5 Bxf5 16. Qc1 Bg4 17. Qe3 Kh7 18. h3 Bxf3 19. Bxf3 Nd4 20. Be4 c6 21. Nc3 Qe6 22. Qd3 Rf6 23. Bg2 Raf8 24. Ne4 R6f7 25. b3 b6 26. Kh2 c5 27. Nc3 Rxf2 28. Rxf2 Rxf2 29. Rf1 Nf3+ 30. Kh1 Qxh3+ 0-1

[Event "FIDE Women World Blitz 2021"]
[Site "Warsaw"]
[Date "2021.12.29"]
[Round "7.31"]
[White "Hryzlova, Sofiia"]
[Black "Garcia Martin, Marta"]
[Result "1/2-1/2"]
[ECO "A46"]
[WhiteElo "2097"]
[BlackElo "2194"]
[Annotator "NA"]
[PlyCount "199"]
[EventDate "2021.12.29"]
[EventType "swiss"]
[EventCountry "POL"]
[Tiebreak "Cut1 Buchholz"]
[SourceTitle "playchess.com"]
[Source "ChessBase"]
[SourceQuality "1"]
[TimeControl "180+2"]

1. d4 d5 2. Nf3 Nf6 3. g3 e6 4. Bg2 b5 5. a4 b4 6. c3 a5 7. c4 Ba6 8. cxd5 exd5 9. O-O Bd6 10. Nbd2 O-O 11. Nb3 Re8 12. Re1 Qe7 13. Bf1 Bc4 14. Nbd2 Ba6 15. Nb3 Bc8 16. Qc2 Ne4 17. Be3 h5 18. Nc5 Bf5 19. Qb3 c6 20. Rac1 Nd7 21. Nxe4 dxe4 22. Nd2 c5 23. Nc4 cxd4 24. Bxd4 Bc5 25. Qe3 Bxd4 26. Qxd4 Red8 27. Qd6 Qe8 28. Qf4 Qe6 29. Ne3 Bg6 30. Red1 Nf6 31. Qc7 Rdc8 32. Qf4 Qb3 33. Rxc8+ Rxc8 34. Qe5 Qxa4 35. Bh3 Re8 36. Qc7 Ng4 37. Bxg4 hxg4 38. Rd7 Qa1+ 39. Kg2 Qxb2 40. Qxa5 b3 41. Qb5 Rc8 42. Rb7 Qc3 43. Qxb3 Qxb3 44. Rxb3 Rd8 45. Nxg4 Rd2 46. Re3 Bh5 47. Ne5 Bxe2 48. Rxe4 Bb5 49. Re3 Ba6 50. h4 Bb7+ 51. Kh3 Rxf2 52. Ng4 Rf1 53. Re2 Rh1+ 54. Nh2 Bc8+ 55. g4 Be6 56. Kg3 Rg1+ 57. Kh3 Kf8 58. Rg2 Ra1 59. Rd2 Ra3+ 60. Kg2 f6 61. Rf2 Kf7 62. g5 Bd5+ 63. Kf1 Ra1+ 64. Ke2 Ra2+ 65. Kf1 Bc4+ 66. Kg2 Bd5+ 67. Kf1 Ra1+ 68. Ke2 Kg6 69. gxf6 gxf6 70. Ng4 f5 71. Ne5+ Kf6 72. Nf3 Ra2+ 73. Ke1 Ra1+ 74. Ke2 Ra4 75. Ke3 Re4+ 76. Kd3 Rg4 77. Ke3 Bxf3 78. Kxf3 Rxh4 79. Ra2 Rh3+ 80. Kf4 Rh4+ 81. Kf3 Rb4 82. Ra6+ Kg5 83. Ra3 Rc4 84. Rb3 Rh4 85. Kf2 f4 86. Rb5+ Kg4 87. Rb3 Rh2+ 88. Kg1 Ra2 89. Kf1 Rc2 90. Kg1 Re2 91. Kf1 Ra2 92. Kg1 f3 93. Rb8 Kg3 94. Rg8+ Kf4 95.
Rf8+ Ke3 96. Re8+ Kd2 97. Rd8+ Ke2 98. Re8+ Kd1 99. Rf8 Ke2 100. Re8+ 1/2-1/2

[Event "FIDE Women World Blitz 2021"]
[Site "Warsaw"]
[Date "2021.12.29"]
[Round "7.32"]
[White "Loskutova, Viktoriya"]
[Black "Movsesian, Julia"]
[Result "1-0"]
[ECO "C41"]
[WhiteElo "2195"]
[BlackElo "2322"]
[Annotator "NA"]
[PlyCount "125"]
[EventDate "2021.12.29"]
[EventType "swiss"]
[EventCountry "POL"]
[Tiebreak "Cut1 Buchholz"]
[SourceTitle "playchess.com"]
[Source "ChessBase"]
[SourceQuality "1"]
[TimeControl "180+2"]

1. e4 d6 2. d4 Nf6 3. Nc3 Nbd7 4. Nf3 e5 5. Bc4 Be7 6. O-O O-O 7. h3 c6 8. a4 a5 9. Re1 exd4 10. Nxd4 Ne5 11. Bf1 Qc7 12. f4 Ng6 13. Be3 Re8 14. Bd3 Bf8 15. Qf3 Nd7 16. Bf2 Nc5 17. Bc4 Bd7 18. Nf5 d5 19. Ba2 dxe4 20. Qh5 Qxf4 21. Ne3 Bd6 22. Nf1 Qf5 23. Qd1 Qf6 24. Bd4 Qe7 25. Kh1 Rad8 26. Qe2 Kh8 27. Rad1 f5 28. Qd2 Bc8 29. Qf2 Ne5 30. Ne3 Rf8 31. Nc4 Nxc4 32. Bxc4 Ne6 33. Bb6 Rde8 34. Bxa5 Nf4 35. Bf1 Nh5 36. Bb6 Bb8 37. Kg1 Qg5 38. Be2 Nf4 39. Kf1 Be6 40. Be3 Bg8 41. g3 Qh6 42. Bxf4 Qxh3+ 43. Qg2 Qxg2+ 44. Kxg2 Ba7 45. a5 h6 46. Bf1 g5 47. Be3 Kg7 48.
Bxa7 f4 49. Bd4+ Kg6 50. Rxe4 Rxe4 51. Nxe4 Bd5 52. Bd3 Kf5 53. g4+ Kxg4 54. Kf2 Bxe4 55. Bxe4 h5 56. Rg1+ Kh4 57. Rh1+ Kg4 58. Bf3+ Kf5 59. Rxh5 Rd8 60. Bc3 Re8 61. Rh7 Rd8 62. Rf7+ Kg6 63. Rxb7 1-0

[Event "FIDE Women World Blitz 2021"]
[Site "Warsaw"]
[Date "2021.12.29"]
[Round "7.33"]
[White "Ovod, Evgenija"]
[Black "Batsiashvili, Nino"]
[Result "0-1"]
[ECO "C54"]
[WhiteElo "2366"]
[BlackElo "2491"]
[Annotator "ChessBase"]
[PlyCount "78"]
[EventDate "2021.12.29"]
[EventType "swiss"]
[EventCountry "POL"]
[Tiebreak "Cut1 Buchholz"]
[SourceTitle "playchess.com"]
[Source "ChessBase"]
[SourceQuality "1"]
[TimeControl "180+2"]

1. e4 e5 2. Nf3 Nc6 3. Bc4 Nf6 4. d3 Bc5 5. O-O a6 6. c3 Ba7 7. Bb3 d6 8. Nbd2 O-O 9. h3 Ne7 10. Re1 Ng6 11. Nf1 c6 12. Ng3 Be6 13.
Bc2 Qc7 14. d4 exd4 15. cxd4 c5 16. d5 Bc8 17. Bg5 Nd7 18.
Nf5 f6 19. Be3 Nde5 20. Nd2 c4 21. Nd4 b5 22. Nf1 Re8 23.
f4 Nf7 24. f5 Nge5 25. Ne6 Bxe3+ 26. Nxe3 Qb6 27. Kh2 Bd7 28. g4 Rac8 29. h4 b4 30. Kg3 b3 31. axb3 cxb3 32. Bxb3 Rb8 33. Ra3 a5 34. Re2 Qb4 35. Nc2 Qb6 36. Ncd4 Nh6 37. g5 Nhg4 38. gxf6 Nxf6 39. Ba2 Re7 0-1

[Event "FIDE Women World Blitz 2021"]
[Site "Warsaw"]
[Date "2021.12.29"]
[Round "7.34"]
[White "Nurgali, Nazerke"]
[Black "Padmini, Rout"]
[Result "0-1"]
[ECO "D94"]
[WhiteElo "2267"]
[BlackElo "2353"]
[Annotator "NA"]
[PlyCount "122"]
[EventDate "2021.12.29"]
[EventType "swiss"]
[EventCountry "POL"]
[Tiebreak "Cut1 Buchholz"]
[SourceTitle "playchess.com"]
[Source "ChessBase"]
[SourceQuality "1"]
[TimeControl "180+2"]

1. d4 Nf6 2. Nf3 g6 3. c4 Bg7 4. Nc3 d5 5. e3 O-O 6. cxd5 Nxd5 7. Bc4 Nb6 8. Bb3 c5 9. O-O cxd4 10. exd4 Nc6 11. Be3 Bg4 12. h3 Bxf3 13. Qxf3 Nxd4 14. Bxd4 Qxd4 15. Qxb7 e6 16. Rad1 Qb4 17. Qf3 a5 18. Rfe1 a4 19. Re4 Qc5 20. Nxa4 Nxa4 21. Rxa4 Rxa4 22. Bxa4 Bxb2 23. Bb3 Bd4 24. a4 Qb6 25. Bc4 Rd8 26. Be2 Kg7 27. Rc1 Rd7 28. g3 Rd5 29. Rf1 Rc5 30. Kg2 Rc3 31. Qe4 Ra3 32. Qc2 Qb7+ 33. Kh2 h5 34. h4 Qb4 35. Bb5 Rb3 36. Qe4 Rb2 37. Kg2 Rd2 38.
Qf4 Qb2 39. Be8 Bf6 40. Bc6 Qc3 41. Bb5 Ra2 42. Be8 Qc8 43.
Bb5 Qb7+ 44. Kg1 Ra3 45. Rd1 Qb6 46. Rf1 Qa7 47. Kg2 Qb7+ 48.
Kg1 Qd5 49. Re1 Ra2 50. Rf1 Qc5 51. Be8 Ra3 52. Bb5 Be5 53.
Qc1 Rxg3+ 54. Kh1 Rh3+ 55. Kg1 Rg3+ 56. Kh1 Rc3 57. Qd2 Rh3+ 58. Kg1 Rxh4 59. Qe3 Rg4+ 60. Kh1 Bd4 61. Qf3 Qg5 0-1

[Event "FIDE Women World Blitz 2021"]
[Site "Warsaw"]
[Date "2021.12.29"]
[Round "7.35"]
[White "Wikar, Martyna"]
[Black "Garifullina, Leya"]
[Result "0-1"]
[ECO "B92"]
[WhiteElo "1899"]
[BlackElo "2416"]
[Annotator "NA"]
[PlyCount "97"]
[EventDate "2021.12.29"]
[EventType "swiss"]
[EventCountry "POL"]
[Tiebreak "Cut1 Buchholz"]
[SourceTitle "playchess.com"]
[Source "ChessBase"]
[SourceQuality "1"]
[TimeControl "180+2"]

1. e4 c5 2. Nf3 d6 3. d4 cxd4 4. Nxd4 Nf6 5. Nc3 a6 6. f4 e5 7. Nb3 Nc6 8. Be2 Be7 9. O-O O-O 10. Kh1 exf4 11. Bxf4 Be6 12. Nd5 Nxe4 13. Bf3 Bxd5 14. Qxd5 Nf6 15. Qd2 Qc7 16. Rad1 Ne5 17. c3 Rfe8 18. Nd4 Bf8 19. Nf5 Nxf3 20. Rxf3 Ne4 21. Qd4 Qc5 22. Ne3 g6 23. Nd5 Qxd4 24. cxd4 Rac8 25. h3 f5 26. Rc1 Rxc1+ 27. Bxc1 Rc8 28. Bf4 Rc2 29. Rb3 b5 30. a4 g5 31. Be3 bxa4 32. Rb8 f4 33. Bg1 Rc1 34. Kh2 Kf7 35. Rb7+ Kg6 36. Rb6 Rc2 37. Rxa6 f3 38. Ne3 Rxb2 39. Rxa4 f2 40. Bxf2 Rxf2 41. Ra6 h5 42. Nc4 Rc2 43. Ne5+ Kf5 44. Nf3 Be7 45. Ra5+ Kg6 46. Rd5 Bf6 47. Kg1 g4 48. hxg4 hxg4 49. Nh2 0-1

[Event "FIDE Women World Blitz 2021"]
[Site "Warsaw"]
[Date "2021.12.29"]
[Round "7.36"]
[White "Atalik, Ekaterina"]
[Black "Smirnova, Ekaterina"]
[Result "1/2-1/2"]
[ECO "D02"]
[WhiteElo "2430"]
[BlackElo "2196"]
[Annotator "NA"]
[PlyCount "124"]
[EventDate "2021.12.29"]
[EventType "swiss"]
[EventCountry "POL"]
[Tiebreak "Cut1 Buchholz"]
[SourceTitle "playchess.com"]
[Source "ChessBase"]
[SourceQuality "1"]
[TimeControl "180+2"]

1. d4 d5 2. Nf3 Nf6 3. g3 Bf5 4. Bg2 e6 5. Nh4 Bg4 6. h3 Bh5 7. O-O Be7 8. c4 c6 9. cxd5 cxd5 10. Nc3 O-O 11. g4 Bg6 12. Nxg6 hxg6 13. Bf4 Nc6 14. e3 Rc8 15. Bg3 Na5 16. Qe2 Nc4 17. Rac1 Qb6 18.
b3 Nd6 19. Na4 Qa5 20. f3 b6 21. Kh2 Qb5 22. Qd2 Qa6 23. Rxc8 Rxc8 24. Rc1 Qb7 25. Rxc8+ Qxc8 26. Qc3 Qxc3 27. Nxc3 Kf8 28. e4 dxe4 29. fxe4 Nd7 30. e5 Ne8 31. d5 exd5 32. Nxd5 Bd8 33. Bf1 Nc7 34. Nb4 Ne6 35. Nc6 Bc7 36. Nxa7 Bxe5 37. Bb5 Bxg3+ 38. Kxg3 Ne5 39. Nc8 Nc7 40. a4 Nxb5 41. axb5 Nd7 42. Kf4 f6 43. Ke4 Kf7 44. Kd5 f5 45. gxf5 gxf5 46. Nd6+ Kf6 47. Kc6 Nc5 48. Kxb6 Nxb3 49. Kc7 f4 50. b6 Na5 51. Nc4 f3 52. Nd2 Nc4 53. Nxf3 Nxb6 54. Kxb6 Kf5 55. Kc5 Kf4 56. Ng1 Kg3 57. Kd5 Kg2 58.
Ke4 Kxg1 59. Kf5 Kg2 60. h4 Kg3 61. Kg5 g6 62. Kxg6 Kxh4 1/2-1/2

[Event "FIDE Women World Blitz 2021"]
[Site "Warsaw"]
[Date "2021.12.29"]
[Round "7.37"]
[White "Dylag, Emilia"]
[Black "Kovanova, Baira"]
[Result "0-1"]
[ECO "E16"]
[WhiteElo "1863"]
[BlackElo "2331"]
[Annotator "NA"]
[PlyCount "49"]
[EventDate "2021.12.29"]
[EventType "swiss"]
[EventCountry "POL"]
[Tiebreak "Cut1 Buchholz"]
[SourceTitle "playchess.com"]
[Source "ChessBase"]
[SourceQuality "1"]
[TimeControl "180+2"]

1. d4 Nf6 2. c4 e6 3. Nf3 d5 4. g3 Bb4+ 5. Nbd2 O-O 6. Bg2 b6 7. O-O Bb7 8. Qc2 Nbd7 9. Ne5 c5 10. Nxd7 Qxd7 11. dxc5 Bxc5 12. Nb3 Be7 13. cxd5 Nxd5 14. Bd2 Rac8 15. Qd3 Rfd8 16. Rfd1 Qe8 17. Qe4 Ba8 18. Qg4 f5 19. Qh3 Bf6 20. e4 Ne7 21. exf5 Bxg2 22. Kxg2 Nxf5 23. Rab1 Qc6+ 24. Kg1 Qf3 25. Qg2 0-1

[Event "FIDE Women World Blitz 2021"]
[Site "Warsaw"]
[Date "2021.12.29"]
[Round "7.38"]
[White "Rakhmangulova, Anastasiya"]
[Black "Jarocka, Liwia"]
[Result "1/2-1/2"]
[ECO "B57"]
[WhiteElo "2174"]
[BlackElo "1851"]
[Annotator "NA"]
[PlyCount "151"]
[EventDate "2021.12.29"]
[EventType "swiss"]
[EventCountry "POL"]
[Tiebreak "Cut1 Buchholz"]
[SourceTitle "playchess.com"]
[Source "ChessBase"]
[SourceQuality "1"]
[TimeControl "180+2"]

1. e4 c5 2. Nf3 d6 3. d4 cxd4 4. Nxd4 Nf6 5. Nc3 Nc6 6. Bc4 Qb6 7. Nb3 e6 8. Bf4 Ne5 9. Bxe5 dxe5 10. Qf3 Bb4 11. O-O Bd7 12. Qg3 O-O 13.
Qxe5 Bxc3 14. bxc3 Rac8 15. Bd3 Qc7 16. Qxc7 Rxc7 17. e5 Nd5 18. c4 Nb6 19. Na5 Na4 20. Rab1 b6 21. Nb3 Nc5 22. Rfd1 Ba4 23. Bf1 h6 24. Rd4 Rd7 25. Rbd1 Rfd8 26. Rd6 Rxd6 27. exd6 Bxb3 28. cxb3 Nb7 29. c5 Nxc5 30. Bb5 Nb7 31. d7 Kf8 32. Rc1 Nc5 33. b4 Nxd7 34. g3 Nb8 35. Rc7 a6 36. Bc4 g6 37. Rb7 b5 38.
Bb3 Nc6 39. a3 Nd4 40. Bd1 Nf5 41. Bf3 Rd3 42. Kg2 Rxa3 43. Rb6 Ra4 44. Bb7 Rxb4 45. Bxa6 Nd4 46. h4 Kg7 47. Rd6 e5 48. Bb7 Rb2 49. Bd5 Nf5 50.
Rd7 Ne3+ 51. Kf3 Nxd5 52. Rxd5 Kf6 53. Rd6+ Kg7 54. Rd5 Rb3+ 55. Ke2 e4 56. Re5 f5 57. Re6 h5 58. Rb6 b4 59. Kd2 Rf3 60.
Ke2 Rb3 61. Kd2 Rb2+ 62. Ke3 b3 63. f3 exf3 64. Kxf3 Rb1 65. Kf4 Kh6 66. Ke5 b2 67. Kf6 Rg1 68. Rxb2 Rxg3 69. Rb8 Kh7 70. Rb7+ Kg8 71. Rb8+ Kh7 72. Rb7+ Kh6 73. Rb8 Kh7 74. Rb7+ Kh8 75. Rb8+ Kh7 76. Rb7+ 1/2-1/2

[Event "FIDE Women World Blitz 2021"]
[Site "Warsaw"]
[Date "2021.12.29"]
[Round "7.39"]
[White "Zawadzka, Jolanta"]
[Black "Katkov, Michelle"]
[Result "1-0"]
[ECO "C77"]
[WhiteElo "2429"]
[BlackElo "1651"]
[Annotator "NA"]
[PlyCount "85"]
[EventDate "2021.12.29"]
[EventType "swiss"]
[EventCountry "POL"]
[Tiebreak "Cut1 Buchholz"]
[SourceTitle "playchess.com"]
[Source "ChessBase"]
[SourceQuality "1"]
[TimeControl "180+2"]

1. e4 e5 2. Nf3 Nc6 3. Bb5 a6 4. Ba4 Nf6 5. Nc3 b5 6. Bb3 Bc5 7. O-O O-O 8. Nd5 d6 9. Nxf6+ Qxf6 10. Bd5 Bd7 11. c3 Rab8 12. h3 Ne7 13.
d4 Nxd5 14. dxc5 Nf4 15. Bxf4 Qxf4 16. cxd6 cxd6 17. Qxd6 Bxh3 18. Qxe5 Qxe5 19. Nxe5 Be6 20. Nc6 Rb6 21. Nd4 Bc4 22. Rfe1 Rd8 23. a3 Rg6 24. f3 h5 25. Rad1 Rgd6 26. Kf2 g6 27. Ke3 a5 28. Rd2 R6d7 29. Red1 Kf8 30. Nc6 Rxd2 31. Rxd2 Rxd2 32. Kxd2 a4 33. Ke3 Ke8 34. g3 Kf8 35. Kd4 Kg7 36. f4 f6 37. e5 g5 38. Ke4 h4 39. exf6+ Kxf6 40. fxg5+ Kxg5 41. gxh4+ Kxh4 42. Kd4 Kg4 43. Ne5+ 1-0

[Event "FIDE Women World Blitz 2021"]
[Site "Warsaw"]
[Date "2021.12.29"]
[Round "8.1"]
[White "Assaubayeva, Bibisara"]
[Black "Shuvalova, Polina"]
[Result "1-0"]
[ECO "D33"]
[WhiteElo "2400"]
[BlackElo "2515"]
[Annotator "ChessBase"]
[PlyCount "99"]
[EventDate "2021.12.29"]
[EventType "swiss"]
[EventCountry "POL"]
[Tiebreak "Cut1 Buchholz"]
[SourceTitle "playchess.com"]
[Source "ChessBase"]
[SourceQuality "1"]
[TimeControl "180+2"]

1. d4 Nf6 2. c4 e6 3. Nf3 d5 4. Nc3 c5 5. cxd5 exd5 6. g3 Nc6 7. Bg2 cxd4 8.
Nxd4 Bc5 9. Nb3 Bb6 10. O-O d4 11. Na4 O-O 12. Bg5 Re8 13.
Nxb6 axb6 14. e3 d3 15. Bxf6 gxf6 16. a3 Bf5 17. Rc1 Qd6 18. Nd2 b5 19. Qh5 Re5 20. Qh4 Rd8 21. Rfd1 Bg6 22. Ne4 Qe7 23. Nxf6+ Kg7 24. Bxc6 d2 25. Rc3 bxc6 26. Rxc6 Re6 27. Rxe6 fxe6 28. Nh5+ Kf7 29. Qf4+ Kg8 30. Nf6+ Kg7 31. Ng4 Bc2 32. Qh6+ Kh8 33. Ne5 Kg8 34. Nc6 Qg7 35. Qxe6+ Kh8 36. Nxd8 Bxd1 37. Nf7+ Kg8 38. Nd6+ Kh8 39. Qc8+ Qg8 40. Qc3+ Qg7 41. Qxd2 Bg4 42. Qd4 Qxd4 43. exd4 Be2 44. f4 Kg7 45. Kf2 Bd3 46. Ke3 Bf1 47. d5 Kf6 48. Kd4 h5 49. Kc5 Ke7 50. Nxb5 1-0

[Event "FIDE Women World Blitz 2021"]
[Site "Warsaw"]
[Date "2021.12.29"]
[Round "8.1"]
[White "Movsesian, Julia"]
[Black "Wikar, Martyna"]
[Result "0-1"]
[ECO "B31"]
[WhiteElo "2322"]
[BlackElo "1899"]
[Annotator "NA"]
[PlyCount "64"]
[EventDate "2021.12.29"]
[EventType "swiss"]
[EventCountry "POL"]
[Tiebreak "Cut1 Buchholz"]
[SourceTitle "playchess.com"]
[Source "ChessBase"]
[SourceQuality "1"]
[TimeControl "180+2"]

1. e4 c5 2. Nc3 Nc6 3. Bb5 g6 4. Bxc6 dxc6 5. d3 e5 6. h3 Bg7 7. Nf3 Ne7 8. Be3 b6 9. Qd2 O-O 10. O-O Qc7 11. a3 f5 12. exf5 gxf5 13.
Bh6 Ng6 14. Rae1 Bd7 15. Bxg7 Kxg7 16. Re3 Rae8 17. Rfe1 Qd6 18. b3 Qf6 19. Nh2 Qg5 20. Qd1 f4 21. Ne4 Qh6 22. R3e2 f3 23. Re3 fxg2 24. Ng4 Qh4 25. Rg3 Kh8 26. Kxg2 Nf4+ 27. Kh2 Nh5 28. Rg2 Rf4 29. Reg1 Ref8 30. Qe2 Rf3 31. Rg3 Bxg4 32. Nd6 Rxf2+ 0-1

[Event "FIDE Women World Blitz 2021"]
[Site "Warsaw"]
[Date "2021.12.29"]
[Round "8.2"]
[White "Goryachkina, Aleksandra"]
[Black "Abdumalik, Zhansaya"]
[Result "1/2-1/2"]
[ECO "D85"]
[WhiteElo "2604"]
[BlackElo "2507"]
[Annotator "ChessBase"]
[PlyCount "77"]
[EventDate "2021.12.29"]
[EventType "swiss"]
[EventCountry "POL"]
[Tiebreak "Cut1 Buchholz"]
[SourceTitle "playchess.com"]
[Source "ChessBase"]
[SourceQuality "1"]
[TimeControl "180+2"]

1. d4 Nf6 2. c4 g6 3. Nc3 d5 4. cxd5 Nxd5 5. e4 Nxc3 6. bxc3 Bg7 7. Nf3 c5 8. Bb5+ Nc6 9. O-O O-O 10. Bxc6 bxc6 11. Qc2 Qc7 12. Ba3 cxd4 13. cxd4 Bg4 14. Ne5 Bxe5 15. dxe5 Qxe5 16. h3 Bd7 17. Rad1 Rfd8 18. f4 Qe6 19. Kh1 Be8 20. f5 Qe5 21. Bb2 Qa5 22. f6 exf6 23. Bxf6 Rxd1 24. Rxd1 Qh5 25. e5 Rb8 26. Qd2 c5 27. Kh2 c4 28. g4 c3 29. Qd8 Qh6 30. Qxb8 Qf4+ 31. Kg2 Qe4+ 32. Kf2 Qf4+ 33. Ke2 Qe4+ 34. Kf2 Qf4+ 35. Kg2 Qe4+ 36. Kg3 Qe3+ 37. Kg2 Qe2+ 38. Kg3 Qe3+ 39. Kg2 1/2-1/2

[Event "FIDE Women World Blitz 2021"]
[Site "Warsaw"]
[Date "2021.12.29"]
[Round "8.2"]
[White "Kurmangaliyeva, Liya"]
[Black "Nurgali, Nazerke"]
[Result "1-0"]
[ECO "D37"]
[WhiteElo "2222"]
[BlackElo "2267"]
[Annotator "NA"]
[PlyCount "109"]
[EventDate "2021.12.29"]
[EventType "swiss"]
[EventCountry "POL"]
[Tiebreak "Cut1 Buchholz"]
[SourceTitle "playchess.com"]
[Source "ChessBase"]
[SourceQuality "1"]
[TimeControl "180+2"]

1. d4 Nf6 2. c4 e6 3. Nf3 d5 4. Nc3 Be7 5. Bf4 O-O 6. e3 b6 7. cxd5 exd5 8.
Bd3 c5 9. O-O Bg4 10. h3 Bh5 11. Be2 Nc6 12. Rc1 Rc8 13. Ne5 Bxe2 14. Qxe2 cxd4 15. Nxc6 Rxc6 16. exd4 Re6 17. Qb5 h6 18. Be5 Ne4 19. Nxd5 Bd6 20. Nf4 Ree8 21. Rfe1 Bxe5 22. dxe5 Nc5 23. b4 Ne6 24. Nd5 Qg5 25. Re3 Nd4 26. Qd3 Nf5 27. Re4 Qxc1+ 28. Kh2 Qc6 29. Rg4 Qe6 30. Nf6+ Kh8 31. Nxe8 Qxe5+ 32. f4 Qxe8 33. Qxf5 Qe7 34. Qb5 Rd8 35. Qc4 a5 36. bxa5 bxa5 37. Qc3 f5 38. Rg6 Kh7 39. Rc6 Qe4 40. Rc4 Qe2 41. Rc7 Rg8 42. Qe5 Qxa2 43. Qxf5+ Kh8 44. Ra7 a4 45. Qb5 a3 46. Qb4 Qf2 47. Rxa3 h5 48. Rf3 Qe2 49. Qd4 Qe1 50. Re3 Qf2 51. Qe5 Qh4 52. g3 Qf6 53. Qxh5+ Qh6 54. Qxh6+ gxh6 55. Re7 1-0

[Event "FIDE Women World Blitz 2021"]
[Site "Warsaw"]
[Date "2021.12.29"]
[Round "8.3"]
[White "Vaishali R"]
[Black "Gunina, Valentina"]
[Result "1-0"]
[ECO "D00"]
[WhiteElo "2405"]
[BlackElo "2480"]
[Annotator "ChessBase"]
[PlyCount "39"]
[EventDate "2021.12.29"]
[EventType "swiss"]
[EventCountry "POL"]
[Tiebreak "Cut1 Buchholz"]
[SourceTitle "playchess.com"]
[Source "ChessBase"]
[SourceQuality "1"]
[TimeControl "180+2"]

1. d4 d5 2. Bf4 c5 3. e3 Nc6 4. Nf3 Bg4 5. Nbd2 e6 6. h3 Bh5 7. c3 Bd6 8.
Bxd6 Qxd6 9. Qb3 Nge7 10. Qa3 b6 11. Be2 O-O 12. Nb3 Qc7 13.
dxc5 Nc8 14. O-O a5 15. cxb6 Nxb6 16. Nbd4 Rfc8 17. Nxc6 Bxf3 18. Ne7+ Kh8 19. Nxc8 Bxe2 20. Qf8# 1-0

[Event "FIDE Women World Blitz 2021"]
[Site "Warsaw"]
[Date "2021.12.29"]
[Round "8.3"]
[White "Katkov, Michelle"]
[Black "Ovod, Evgenija"]
[Result "0-1"]
[ECO "C54"]
[WhiteElo "1651"]
[BlackElo "2366"]
[Annotator "NA"]
[PlyCount "96"]
[EventDate "2021.12.29"]
[EventType "swiss"]
[EventCountry "POL"]
[Tiebreak "Cut1 Buchholz"]
[SourceTitle "playchess.com"]
[Source "ChessBase"]
[SourceQuality "1"]
[TimeControl "180+2"]

1. e4 e5 2. Nf3 Nc6 3. Bc4 Bc5 4. c3 Nf6 5. d3 a6 6. Nbd2 Ba7 7. O-O O-O 8. Re1 Ng4 9. Re2 Kh8 10. h3 Nh6 11. Nf1 d6 12. Bxh6 gxh6 13.
Ng3 Na5 14. Bb3 Nxb3 15. axb3 f5 16. exf5 Bxf5 17. Nxf5 Rxf5 18. Re4 Qf6 19. Qe2 Rg8 20. Kh1 h5 21. d4 exd4 22. cxd4 d5 23. Re7 Bxd4 24. Rxc7 Bxb2 25. Re1 Bc3 26. Rc1 d4 27. Rxb7 a5 28. Ra7 Qh6 29. Rg1 Qf6 30. Ra6 Qg7 31. Qe4 Qf7 32. Re6 Rf6 33. Re7 Qg6 34. Qb7 Rg7 35. Qc8+ Rg8 36. Qc7 Rxf3 37. Rxh7+ Qxh7 38. Qe5+ Rg7 39. Qe8+ Rg8 40. Qe5+ Rg7 41. gxf3 Qh6 42. Qe8+ Kh7 43. Qe4+ Kh8 44. Qe8+ Kh7 45. Qe4+ Kh8 46. Qe8+
Kh7 47. Qe4+ Rg6 48. Rd1 Qg5 0-1

[Event "FIDE Women World Blitz 2021"]
[Site "Warsaw"]
[Date "2021.12.29"]
[Round "8.4"]
[White "Zhukova, Natalia"]
[Black "Kamalidenova, Meruert"]
[Result "0-1"]
[ECO "E76"]
[WhiteElo "2331"]
[BlackElo "2339"]
[Annotator "NA"]
[PlyCount "78"]
[EventDate "2021.12.29"]
[EventType "swiss"]
[EventCountry "POL"]
[Tiebreak "Cut1 Buchholz"]
[SourceTitle "playchess.com"]
[Source "ChessBase"]
[SourceQuality "1"]
[TimeControl "180+2"]

1. c4 Nf6 2. Nc3 g6 3. e4 d6 4. d4 Bg7 5. f4 O-O 6. Nf3 c5 7. d5 e6 8. dxe6 Bxe6 9. Bd3 Nc6 10. f5 Bd7 11. O-O Ng4 12. Bg5 f6 13.
Bf4 Nge5 14. Be2 gxf5 15. exf5 Bxf5 16. Nh4 Be6 17. Ne4 Nd4 18. b3 b6 19. Be3 d5 20. cxd5 Qxd5 21. Ng3 Ng6 22. Nhf5 Nxf5 23. Qxd5 Bxd5 24. Nxf5 Rfe8 25. Bb5 Re5 26.
Bd2 a6 27. Bc4 Bxc4 28. bxc4 Re2 29. Bc3 Ne5 30. Nxg7 Kxg7 31. Bxe5 Rxe5 32. Rad1 Ra7 33. Rd6 b5 34.
Rfxf6 bxc4 35. Rxa6 Rxa6 36. Rxa6 c3 37. Ra3 c2 38. Rc3 Re1+ 39.
Kf2 c1=Q 0-1

[Event "FIDE Women World Blitz 2021"]
[Site "Warsaw"]
[Date "2021.12.29"]
[Round "8.4"]
[White "Beydullayeva, Govhar"]
[Black "Dylag, Emilia"]
[Result "1-0"]
[ECO "E05"]
[WhiteElo "2278"]
[BlackElo "1863"]
[Annotator "NA"]
[PlyCount "87"]
[EventDate "2021.12.29"]
[EventType "swiss"]
[EventCountry "POL"]
[Tiebreak "Cut1 Buchholz"]
[SourceTitle "playchess.com"]
[Source "ChessBase"]
[SourceQuality "1"]
[TimeControl "180+2"]

1. Nf3 d5 2. g3 Nf6 3. Bg2 e6 4. O-O Be7 5. c4 O-O 6. d4 dxc4 7. Qc2 b5 8. a4 b4 9. Nfd2 c6 10. Nxc4 Qxd4 11. Rd1 Qc5 12.
Be3 Qh5 13. Nbd2 Ng4 14. Nf3 Nxe3 15. Nxe3 a5 16. Nc4 Nd7 17. Nd4 Bf6 18. Nxc6 Nc5 19. Ne7+ Bxe7 20. Bxa8 b3 21. Qc3 Ba6 22. Bf3 Qg6 23. Nxa5 Rc8 24. Nc6 Bf8 25. a5 h6 26. Qd4 e5 27. Nxe5 Qf6 28. Rac1 Bb5 29. Bd5 Rc7 30. Qf4 Qxf4 31. gxf4 Bxe2 32. Re1 Bh5 33. Bxb3 Ra7 34. Bc4 Ra8 35. b4 Nb7 36. Nc6 Nd6 37. Bd5 Rc8 38. Ne5 Rb8 39. a6 Rxb4 40. a7 Ra4 41. a8=Q Rxa8 42. Bxa8 f6 43. Bd5+ Kh7 44. Nd7 1-0